 Dungeon Crawl Stone Soup version 0.28.0-45-g0d030f2227 (webtiles) character file.

Game seed: 5497290797451904623

3 Antichthon the Grasshopper (level 1, -2/19 HPs)
             Began as a Naga Warper on Apr 10, 2022.
             Slain by a quokka (4 damage)
             ... on level 1 of the Dungeon.
             The game lasted 00:00:23 (117 turns).

Antichthon the Grasshopper (Naga Warper)             Turns: 117, Time: 00:00:23

Health: -2/19      AC:  1    Str: 13    XL:     1   Next: 50%
Magic:  3/3        EV:  9    Int: 13    God:
Gold:   31         SH:  0    Dex: 10    Spells: 4/4 levels left

rFire   . . .      SeeInvis +   a - +0 mace
rCold   . . .      Faith    .   (no shield)
rNeg    . . .      Spirit   .   b - +0 leather armour
rPois   +          Reflect  .   (no helmet)
rElec   .          Harm     .   (no cloak)
rCorr   .          Rampage  .   (no gloves)
Will    .....                   (no barding)
Stlth   +.........              (no amulet)
HPRegen 0.06/turn               e - ring of wizardry
MPRegen 0.08/turn               (no ring)

@: very slow
A: AC +0, large, see invisible, deformed body, poison resistance, slowness 2,
spit poison 1, naga tail 1
a: Spit Poison


You were on level 1 of the Dungeon.
You visited 1 branch of the dungeon, and saw 1 of its levels.

You collected 31 gold pieces.

Inventory:

Hand Weapons
 a - a +0 mace (weapon)
Missiles
 d - 5 boomerangs of dispersal (quivered)
 f - 3 boomerangs
Armour
 b - a +0 leather armour (worn)
Jewellery
 e - a ring of wizardry (left hand)
Scrolls
 c - a scroll of blinking
 g - a scroll of enchant weapon {unknown}
Potions
 h - a potion of lignification {unknown}


   Skills:
 + Level 2.0 Fighting
 + Level 2.1 Maces & Flails
 - Level 0.8 Throwing
 + Level 0.7 Armour
 + Level 1.6 Dodging
 - Level 2.0 Spellcasting
 - Level 3.0 Translocations


You had 4 spell levels left.
You didn't know any spells.
Your spell library contained the following spells:

 Spells                   Type           Power      Damage    Failure   Level
 Blink                    Tloc           18%        N/A       6%          2
 Gell's Gravitas          Tloc           9%         N/A       12%         3
 Lesser Beckoning         Tloc           9%         N/A       12%         3
 Teleport Other           Tloc           9%         N/A       12%         3
 Manifold Assault         Tloc           9%         N/A       67%         5


Dungeon Overview and Level Annotations

Branches:
Dungeon (1/15)

Altars:


Innate Abilities, Weirdness & Mutations

Your serpentine skin is tough. (AC +0)
You have supernaturally acute eyesight. (SInv)
Armour fits poorly on your strangely shaped body.
Your system is resistant to poisons. (rPois)
You cover ground very slowly.
You can spit poison.
You have a snake-like lower body.


Message History

You now have 31 gold pieces (gained 6).
h - a blue potion A kobold comes into view.
It is wielding a +0 short sword.
The kobold shouts!
Aiming: Spit Poison (3% risk of failure)
Press: ? - help, Shift-Dir - straight line, f - kobold
Aim: a kobold, wielding a +0 short sword (43% to hit)
The splash of poison misses the kobold.
You hit the kobold.
The kobold is moderately wounded.
The kobold hits you with a +0 short sword.
The kobold hits you but does no damage.
You hit the kobold.
You kill the kobold!
You have got your breath back.
You see here a +0 short sword.
HP restored.
An endoplasm comes into view.
Found a robe.
The endoplasm quivers.
A quokka comes into view.
Aiming: Spit Poison (3% risk of failure)
Press: ? - help, Shift-Dir - straight line, f - endoplasm
Aim: an endoplasm (96% to hit)
The splash of poison hits the endoplasm.
The endoplasm is poisoned.
The endoplasm is heavily wounded.
You hit the endoplasm.
You kill the endoplasm!
A quokka comes into view.
Found 3 gold pieces.
The quokka completely misses you. The quokka bites you.
You closely miss the quokka.
You have got your breath back.
The quokka bites you but does no damage.
You closely miss the quokka. The quokka bites you. x2
You closely miss the quokka. The quokka bites you.
You miss the quokka. The quokka bites you. x2
* * * LOW HITPOINT WARNING * * *
The quokka bites you.
You die...

....≈≈≈≈≈≈≈.......).####
#..............#..#......#
##......#####..#..#.##.###
...##.. ...#..#.# # #...
#.# #.##....#
#.#####.##.##.#
#..........#....
#.#####.#####.###
#@r.....# #.r......
#.[...... .........
......... ##........
#........ #.....$..


You could see 2 quokkas.

Vanquished Creatures
  2 endoplasms (D:1)
  A kobold (D:1)
3 creatures vanquished.

Notes
Turn   | Place    | Note
-------+----------+-------------------------------------------
     0 | D:1      | Antichthon the Naga Warper began the quest for the Orb.
     0 | D:1      | Reached XP level 1. HP: 19/19 MP: 3/3
   117 | D:1      | Slain by a quokka

Illustrated notes

Levels and vault maps discovered:
D:1:      moated_graveyard_arrival, layout_basic, serial_shops, shop,
          minmay_heptomino_l4

Action                   || total
-------------------------++-------
Melee: Mace              ||     9
 Abil: Spit Poison       ||     2
Armor: Leather armour    ||     2
Dodge: Dodged            ||     3
